 Dungeon Crawl Stone Soup version 0.18.1-8-gdd0e5ea (webtiles) character file.

322 M4edhros the Shield-Bearer (level 6, 0/47 HPs)
             Began as a Formicid Fighter on June 5, 2016.
             Slain by an orc priest
             ... wielding a +0 hand axe
              (3 damage)
             ... on level 4 of the Dungeon.
             The game lasted 00:02:32 (1479 turns).

M4edhros the Shield-Bearer (Formicid Fighter)       Turns: 1479, Time: 00:02:33

Health: 0/47       AC:  6    Str: 24 (25) XL:     6   Next: 76%
Magic:  6/6        EV: 14    Int:  7 (8)  God:
Gold:   106        SH: 11    Dex: 14 (17) Spells: 0 memorised, 5 levels left

rFire  + . .     SeeInvis +     a - +0 trident
rCold  + . .     Gourm    .     b - +0 scale mail
rNeg   . . .     Faith    .     c - +0 shield
rPois  +         Spirit   .     (helmet unavailable)
rElec  +         Dismiss  .     (no cloak)
rCorr  +         Reflect  .     (no gloves)
SustAt .         Harm     .     (no boots)
MR     .....                    (no amulet)
Stlth  +.........               (no ring)
                                (no ring)

@: mighty, agile, resistant, not resistant to hostile enchantments, very
unstealthy
A: permanent stasis, dig shafts and tunnels, four strong arms, antennae 3
a: Dig, Shaft Self


You were on level 4 of the Dungeon.
You were not hungry.

You visited 1 branch of the dungeon, and saw 4 of its levels.

You collected 106 gold pieces.

Inventory:

Hand Weapons
 a - a +0 trident (weapon)
 e - a +0 scythe
Armour
 b - a +0 scale mail (worn)
 c - a +0 shield (worn)
Jewellery
 j - a +3 amulet of reflection {unknown}
Scrolls
 g - a scroll of remove curse {unknown}
 h - 2 scrolls of enchant armour {unknown}
 k - a scroll of fear {unknown}
 r - a scroll of identify {unknown}
Potions
 n - a potion of curing
Comestibles
 f - a bread ration
 i - 3 fruits
 m - a slice of pizza
 p - a meat ration


   Skills:
 - Level 3.2 Fighting
 + Level 4.8 Polearms
 - Level 3.2 Armour
 + Level 6.5 Shields


You had 5 spell levels left.
You didn't know any spells.

Dungeon Overview and Level Annotations

Branches:
Dungeon (4/15)
 Temple: D:4-7

Altars:
Ashenzari


Innate Abilities, Weirdness & Mutations

You are under a permanent stasis effect.
You can dig through walls and to a lower floor.
Your four strong arms can wield two-handed weapons with a shield.
You have a pair of large antennae on your head (SInv).


Message History

You impale the orc!!
You kill the orc!
The orc priest mumbles some strange prayers to Beogh against you.
Beogh smites you!
* * * LOW HITPOINT WARNING * * *
Attack whom?
Press: ? - help, Dir - move target cursor, f - orc priest
Aim: an orc priest, wielding a hand axe and wearing a ring mail You reach to attack!
You closely miss the orc priest.
Attack whom?
Press: ? - help, Dir - move target cursor, f/p - orc priest
Aim: an orc priest, wielding a hand axe and wearing a ring mail You closely miss the orc priest.
You block the orc priest's attack.
Attack whom?
Press: ? - help, Dir - move target cursor, f/p - orc priest
Aim: an orc priest, wielding a hand axe and wearing a ring mail You puncture the orc priest!
The orc priest is severely wounded.
The orc priest hits you with a hand axe.
You die...

..........# #.#
#####.....# #.#
#.....# #.# #.....#
##{#### #.....# {
{.{{{{{{{{{ ##.#.#####
########a##{#
#.#.#...#
#.....†.o##.###
#.#.....#
#o######r.#?..###
#.###...# #@#
#{{.{{...†..# #.#
##.## #.#
#{####'####.# #. #.#
#.# #.#.^#.#^.#.# #.#
#.# #.####.####.# #.#
#.# #.#.^#.#^.#.#
#.####.###.####.####.#
#.##.......#.^#.#^.#{#
#..........####'####{#
####.#.###....#.#.{..#


You could see an orc priest.

Vanquished Creatures
  Sigmund (D:2)
  A scorpion (D:4)
  A centaur skeleton (D:4)
  2 gnolls (D:4)
  2 adders (D:4)
  An ooze (D:1)
  A dart slug (D:1)
  4 giant geckos
  3 orcs (D:4)
  2 bats
  3 giant cockroaches
  4 goblins
  3 hobgoblins
  2 quokkas
  A ball python (D:2)
  3 giant newts
  3 rats
37 creatures vanquished.

Notes
Turn   | Place    | Note
--------------------------------------------------------------
     0 | D:1      | M4edhros the Formicid Fighter began the quest for the Orb.
     0 | D:1      | Reached XP level 1. HP: 18/18 MP: 1/1
   271 | D:1      | Reached XP level 2. HP: 12/24 MP: 2/2
   446 | D:2      | Noticed Sigmund
   454 | D:2      | Reached skill level 4 in Shields
   761 | D:2      | HP: 1/24 [Sigmund/scythe (7)]
   762 | D:2      | Gained mutation: You are robust (+10% HP). [potion of mutation]
   762 | D:2      | Gained mutation: You have large cloven feet. [potion of mutation]
   762 | D:2      | Gained mutation: You are clumsy. (Dex -2) [potion of mutation]
   765 | D:2      | Killed Sigmund
   765 | D:2      | Reached skill level 5 in Shields
   765 | D:2      | Reached XP level 3. HP: 2/31 MP: 3/3
   765 | D:2      | Reached XP level 4. HP: 3/38 MP: 4/4
   765 | D:2      | Reached XP level 5. HP: 4/45 MP: 5/5
  1102 | D:2      | Reached XP level 6. HP: 47/51 MP: 6/6
  1255 | D:4      | Found a shattered altar of Ashenzari.
  1393 | D:4      | Reached skill level 6 in Shields
  1460 | D:4      | Lost mutation: You are clumsy. (Dex -2) [potion of cure mutation]
  1460 | D:4      | Lost mutation: You have large cloven feet. [potion of cure mutation]
  1460 | D:4      | Lost mutation: You are robust (+10% HP). [potion of cure mutation]
  1479 | D:4      | Slain by an orc priest

Skill      XL: |  1  2  3  4  5  6 |
---------------+-------------------+-----
Shields        | 5 6 |  6.5
Polearms       | 4 |  4.8
Fighting       | |  3.2
Armour         | |  3.2

Action                   |  1- 3 |  4- 6 || total
-------------------------+-------+-------++-------
Melee: Trident           |    77 |   117 ||   194
       Kick              |     1 |    23 ||    24
 Abil: Dig               |       |     1 ||     1
  Use: Potion            |     3 |     5 ||     8
  Eat: Chunk             |       |     2 ||     2
Armor: Scale mail        |    31 |    40 ||    71
Dodge: Dodged            |    22 |    36 ||    58
Block: Shield            |    42 |    59 ||   101
